AoeStats
← 雕龙

Arabia

510572722Analyzed
1v1 RM · 24h ago on Oct 1, 2026· 58m 2s· 2 players
Game mode
Random Map
Map size
Tiny (2 player)
Population
200
Speed
Normal
Resources
Standard
Victory
Conquest
Starting age
Dark Age
Ending age
Imperial Age
RankedLock teamsTeams togetherTeam positionsShared explorationLock speedFull tech treeHidden civsTurbo modeCheats
Victory
Defeat
🇨🇳 Franks · China
904
+14
🇺🇸 Mongols · United States
855
-14
雕龙
9:55 Feudal Age
10:29 Double-Bit Axe
17:15 Castle Age
17:59 Gold Mining
21:04 Loom
23:41 Wheelbarrow
27:09 Scale Barding Armor
27:20 Bow Saw
27:43 Stone Mining
29:03 Fletching
29:13 Padded Archer Armor
33:57 Imperial Age
31:15 Town Watch
33:10 Chain Barding Armor
33:01 Forging
33:46 Gold Shaft Mining
33:13 Husbandry
33:40 Hand Cart
32:57 Elite Skirmisher
34:29 Bodkin Arrow
35:48 Plate Barding Armor
37:17 Iron Casting
37:30 Conscription
39:14 Blast Furnace
38:15 Pikeman
39:14 Scale Mail Armor
40:22 Halberdier
41:31 Cavalier
44:10 Chain Mail Armor
43:39 Treadmill Crane
44:49 Leather Archer Armor
45:52 Plate Mail Armor
45:38 Light Cavalry
46:44 Squires
48:37 Town Patrol
52:16 Paladin
54:53 Chivalry
hypori
5:15 Loom
11:38 Feudal Age
13:06 Horse Collar
14:16 Wheelbarrow
13:30 Double-Bit Axe
13:39 Stone Mining
22:11 Castle Age
21:35 Bloodlines
21:34 Fletching
22:42 Padded Archer Armor
23:09 Heavy Plow
23:23 Bow Saw
23:05 Gold Mining
23:28 Bodkin Arrow
26:43 Forging
26:39 Scale Barding Armor
26:38 Husbandry
26:03 Light Cavalry
27:59 Ballistics
32:53 Gold Shaft Mining
33:24 Iron Casting
34:13 Leather Archer Armor
35:03 Chain Barding Armor
36:00 Town Watch
36:30 Hand Cart
44:20 Imperial Age
45:29 Conscription
45:34 Heavy Camel Rider
47:54 Bracer
48:55 Blast Furnace
52:04 Hussar
Connection lost

Rejoining the realm…

Still unreachable

The connection could not be restored.

Session expired

The server has moved on; the page needs a fresh start.